 Dungeon Crawl Stone Soup version 0.28-a0-556-gab23d0e057 (webtiles) character file.

Game seed: 13804714640157702678

170 bande the Covered (level 5, -4/33 HPs)
             Began as a Gargoyle Fighter on Sept 28, 2021.
             Slain by Crazy Yiuf (9 damage)
             ... on level 2 of the Dungeon.
             The game lasted 00:04:42 (2336 turns).

bande the Covered (Gargoyle Fighter)                Turns: 2336, Time: 00:04:42

Health: -4/33      AC: 14    Str: 21    XL:     5   Next: 50%
Magic:  5/5        EV:  7    Int:  8    God:
Gold:   761        SH:  5    Dex:  9    Spells: 4/4 levels left

rFire   . . .      SeeInvis .   a - +0 war axe
rCold   . . .      Faith    .   c - +1 buckler
rNeg    + . .      Spirit   .   i - +0 chain mail
rPois   ∞          Reflect  .   g - +0 helmet
rElec   +          Harm     .   (no cloak)
rCorr   .          Rampage  .   (no gloves)
Will    .....                   (no boots)
Stlth   ..........              (no amulet)
HPRegen 0.11/turn               (no ring)
MPRegen 0.09/turn               (no ring)

@: no status effects
A: sickness immunity, AC +4, negative energy resistance 1, electricity
resistance, torment resistance 1, petrification resistance
a: no special abilities


You were on level 2 of the Dungeon.
You visited 1 branch of the dungeon, and saw 2 of its levels.

You collected 761 gold pieces.

Inventory:

Hand Weapons
 a - a +0 war axe (weapon)
Armour
 c - a +1 buckler (worn)
 g - a +0 helmet (worn)
 i - a +0 chain mail (worn)
Scrolls
 j - a scroll of enchant armour
Potions
 b - a potion of cancellation {unknown}
 d - a potion of might
 e - a potion of mutation {unknown}
 h - 2 potions of degeneration {unknown}


   Skills:
 + Level 4.1 Fighting
 + Level 3.5 Axes
 + Level 4.3 Armour
 + Level 3.8 Shields


You had 4 spell levels left.
You didn't know any spells.
Your spell library contained the following spells:

 Spells                   Type           Power      Damage    Failure   Level
 Borgnjor's Revivificati  Necr           0%         N/A       100%        8
 Necromutation            Tmut/Necr      0%         N/A       100%        8
 Death's Door             Necr           0%         N/A       100%        9


Dungeon Overview and Level Annotations

Branches:
Dungeon (2/15)

Altars:
Hepliaklqana

Annotations:
D:2 Crazy Yiuf


Innate Abilities, Weirdness & Mutations

You are immune to sickness and miasma.
Your stone body is resilient. (AC +4)
You are immune to poison.
You resist negative energy. (rN+)
You are resistant to electric shocks. (rElec)
You are resistant to unholy torment.
You are immune to petrification.


Message History

You now have 761 gold pieces (gained 14).
Found a stone staircase leading down.
There is a large open door here.
There is a large open door here.
There is a large open door here.
There is a large open door here.
Found a mace.
Found a runed translucent door.
Crazy Yiuf shouts!
There is an open door here.
You see here the felid skeleton of Natasha.
You enter the shallow water.
Moving in this stuff is going to be slow.
You see here the felid skeleton of Natasha.
Crazy Yiuf shouts!
Could not explore, unopened runed door.
As you open the door, it creaks loudly!
Your chain mail prevents you from hitting Crazy Yiuf.
Crazy Yiuf hits you but does no damage.
You closely miss Crazy Yiuf.
Crazy Yiuf hits you with a +3 quarterstaff of chaos.
Crazy Yiuf burns you.
Crazy Yiuf hits you with a +3 quarterstaff of chaos!
Space bends around you.
You closely miss Crazy Yiuf. Crazy Yiuf barely misses you.
You hit Crazy Yiuf but do no damage.
Crazy Yiuf hits you with a +3 quarterstaff of chaos.
* * * LOW HITPOINT WARNING * * *
You hit Crazy Yiuf.
Crazy Yiuf is moderately wounded.
Crazy Yiuf cries, "Powder tortoise sing!"
Crazy Yiuf barely misses you.
You hit Crazy Yiuf.
Crazy Yiuf is heavily wounded.
Crazy Yiuf whimpers, "Ice!"
Crazy Yiuf hits you with a +3 quarterstaff of chaos.
* * * LOW HITPOINT WARNING * * *
Crazy Yiuf burns you.
* * * LOW HITPOINT WARNING * * *
Crazy Yiuf hits you with a +3 quarterstaff of chaos!
You die...

.# #...................#..# #...
.# #................#####.###...
.####................# ###..##+##
........############## #.........
.#####..# #.........
.##.##..##♣♣♣♣♣ #.........
.##.##..#...♣.♣♣♣ ### #.........
.##.###......♣..♣#...# #..<).....
............♣♣♣♣@g...# #.........
....##..#..♣♣ ♣♣#..)# #.........
....##.###♣♣ ### #....<....
....##.# #......... ....##'##
#.#.#.#>..
........################.#.#.#...
.......................#.#.#.####
.......................#.#...##.(
_......................#.######..


You could see Crazy Yiuf.

Vanquished Creatures
  Jessica (D:2)
  Natasha (twice) (D:2)
  Robin (D:2)
  2 adders (D:2)
  2 dart slugs
  8 ball pythons
  An endoplasm (D:1)
  A giant cockroach (D:1)
  15 goblins
  5 hobgoblins
  3 jackals (D:1)
  4 quokkas
  4 bats
  2 frilled lizards (D:1)
  4 kobolds
  5 rats
60 creatures vanquished.

Notes
Turn   | Place    | Note
-------+----------+-------------------------------------------
     0 | D:1      | bande the Gargoyle Fighter began the quest for the Orb.
     0 | D:1      | Reached XP level 1. HP: 14/14 MP: 1/1
   172 | D:1      | Reached XP level 2. HP: 15/19 MP: 2/2
   595 | D:1      | Reached XP level 3. HP: 23/23 MP: 3/3
  1437 | D:2      | Noticed Jessica
  1449 | D:2      | Killed Jessica
  1450 | D:2      | Reached XP level 4. HP: 26/29 MP: 4/4
  1660 | D:2      | Found a faded altar of an unknown god.
  1820 | D:2      | Identified a scroll of acquirement
  1820 | D:2      | Acquired 641 gold pieces
  1904 | D:2      | Found a hazy altar of Hepliaklqana.
  1946 | D:2      | Noticed Natasha
  1952 | D:2      | Killed Natasha
  1953 | D:2      | Reached XP level 5. HP: 24/33 MP: 5/5
  2035 | D:2      | Noticed Robin
  2049 | D:2      | Killed Robin
  2099 | D:2      | Noticed Natasha
  2110 | D:2      | Killed Natasha
  2225 | D:2      | Found a runed translucent door.
  2226 | D:2      | Noticed Crazy Yiuf
  2336 | D:2      | Slain by Crazy Yiuf

Illustrated notes

Levels and vault maps discovered:
D:1:      minmay_arrival_jagged, layout_loops_cross
D:2:      layout_basic, chequers_ecumenical_altar_simple_redux, basic_altar,
          minmay_stone_trees_medium, serial_bayou_pond_e, uniq_robin,
          uniq_jessica, uniq_natasha, uniq_crazy_yiuf_cottage

Skill      XL: |  1  2  3  4  5 |
---------------+----------------+-----
Axes           | 2 3 |  3.5
Armour         | 4 |  4.3
Fighting       | 4 |  4.1
Shields        | |  3.8

Action                   |  1- 3 |  4- 6 || total
-------------------------+-------+-------++-------
Melee: War axe           |    86 |    97 ||   183
  Use: Scroll            |     2 |     2 ||     4
 Stab: Distracted        |       |     1 ||     1
Armor: Scale mail        |    49 |       ||    49
       Chain mail        |     6 |    77 ||    83
Dodge: Dodged            |    48 |    42 ||    90
Block: Buckler           |    18 |    28 ||    46

Table legend: (Time is in decaauts)
 A = Elapsed time spent in this place.
 B = Non-inter-level travel time spent in this place.
 C = Inter-level travel time spent in this place.
 D = Time resting spent in this place.
 E = Time spent auto-exploring this place.
 F = Levels seen in this place.
 G = Mean time per level.
                   A        B        C        D        E       F      G
               +--------+--------+--------+--------+--------+-----+--------+
         Total |   2416 |   2283 |    133 |     73 |   1531 |   2 | 1208.0 |
       Dungeon |   2416 |   2283 |    133 |     73 |   1531 |   2 | 1208.0 |
               +--------+--------+--------+--------+--------+-----+--------+

Top non-repeatable levels by time:
     D:1: 1446 daAuts
     D:2: 970 daAuts
